 Dungeon Crawl Stone Soup version 0.21.1-1-g345015f (webtiles) character file.

18235 Fang the Cleaver (level 12, -7/77 HPs)
             Began as a Gargoyle Berserker on May 18, 2018.
             Was a High Priest of Trog.
             Mangled by a blink frog (10 damage)
             ... on level 2 of the Lair of Beasts.
             The game lasted 00:25:13 (12502 turns).

Fang the Cleaver (Gargoyle Berserker)              Turns: 12502, Time: 00:25:14

Health: -7/77      AC: 16    Str: 37    XL:     12   Next: 56%
Magic:  12/12      EV: 15    Int: 11    God:    Trog [*****.]
Gold:   591        SH:  0    Dex:  9    Spells: 11/11 levels left

rFire    . . .     SeeInvis +   A - +3 broad axe (freeze)
rCold    . . .     Gourm    +   (no shield)
rNeg     + . .     Faith    .   t - +2 leather armour of Xorill {Str+7}
rPois    ∞         Spirit   .   j - +2 hat
rElec    +         Reflect  .   (no cloak)
rCorr    .         Harm     .   (no gloves)
MR       .....                  (no boots)
Stlth    ++........             m - amulet of the gourmand
HPRegen  0.22/turn              b - +3 ring of strength
MPRegen  0.13/turn              C - ring "Saghidi" {Str+2 Int+2 SInv}

@: about to teleport
A: negative energy resistance 1, electricity resistance, unbreathing,
petrification resistance, rot immunity, AC +8
a: Berserk, Trog's Hand, Brothers in Arms, Burn Spellbooks, Renounce Religion


You were on level 2 of the Lair of Beasts.
You worshipped Trog.
Trog was extremely pleased with you.
You were not hungry.

You visited 2 branches of the dungeon, and saw 12 of its levels.

You collected 696 gold pieces.
You spent 105 gold pieces at shops.

Inventory:

Hand Weapons
 A - a +3 broad axe of freezing (weapon)
Armour
 j - a +2 hat (worn)
 t - the +2 leather armour of Xorill (worn) {Str+7}
   (You found it on level 4 of the Dungeon)

   It affects your strength (+7).
Jewellery
 b - a +3 ring of strength (left hand)
 m - an amulet of the gourmand (around neck)
 C - the ring "Saghidi" (right hand) {Str+2 Int+2 SInv}
   (You found it on level 9 of the Dungeon)

   [ring of see invisible]

   It affects your strength (+2).
   It affects your intelligence (+2).
   It lets you see invisible.
Wands
 a - a wand of digging (16)
 q - a wand of acid (14)
 y - a wand of paralysis (14)
Scrolls
 d - 10 scrolls of identify
 e - 2 scrolls of magic mapping
 h - 2 scrolls of fear
 i - 6 scrolls of remove curse
 k - 3 scrolls of teleportation
 l - 4 scrolls of blinking
Potions
 f - 3 potions of magic
 g - a potion of lignification
 o - a potion of agility
 u - a potion of might
 v - a potion of invisibility
 w - 2 potions of haste
 x - 2 potions of flight
 B - 3 potions of brilliance
Comestibles
 c - 26 rations
 n - 27 chunks of flesh


   Skills:
 + Level 9.9 Fighting
 + Level 12.7(13.0) Axes
   Level 5.1(10.4) Maces & Flails
 + Level 5.8 Armour
 + Level 8.1 Dodging
 + Level 3.9 Stealth


You had 11 spell levels left.
You didn't know any spells.

Dungeon Overview and Level Annotations

Branches:
Dungeon (10/15)            Temple (0/1) D:5            Lair (2/6) D:9
  Swamp: Lair:2-4    Shoals: Lair:2-4     Snake: Lair:2-4    Spider: Lair:2-4
    Orc: D:9-12

Altars:
Ashenzari
Cheibriados
Dithmenos
Fedhas
Makhleb
Okawaru
Sif Muna
Trog
Vehumet
Xom
Yredelemnul
Zin

Shops:
D:7 ?

Annotations:
Lair:2 exclusion: 2 oklob plants


Innate Abilities, Weirdness & Mutations

You are resistant to torment.
Your stone body is resilient. (AC +8)
You are immune to poison.
You resist negative energy. (rN+)
You are resistant to electric shocks. (rElec)
You can survive without breathing.
You are immune to petrification.
You are immune to rotting.


Message History

Found a stone staircase leading up.
The blink frog hits you.
* * * LOW HITPOINT WARNING * * *
The blink frog hits you.
* * * LOW HITPOINT WARNING * * *
The blink frog hits you!
* * * LOW HITPOINT WARNING * * *
You closely miss the blink frog.
The blink frog is severely wounded.
You miss the blink frog. You closely miss the blink frog.
The blink frog blinks!
The blink frog closely misses you. The blink frog misses you.
The blink frog barely misses you.
Okay, then.
As you read the scroll of teleportation, it crumbles to dust.
You feel strangely unstable.
The blink frog blinks!
The blink frog barely misses you. The blink frog closely misses you.
The blink frog blinks!
Unknown command.
The blink frog hits you!
You die...

...§.......###
#..........#.#<
.####F............
........#.....#.#
#.#........F..###..
#..#....tP..#.... ...
#.......F§>.#.# .#.#
#.........###.##. P.#
#...÷...F@....... ..#
##.........###..####.#
#..........###..##P..####
......##...P## ..####..#P.###
#.#..# #..### #.#P.#.......#
..... ##....####.#.....##.P.#
..#..##...†..÷#...#..##.###..
#................##...### ###
.....#....#.#####..#+## ##


You could see 4 blink frogs and a crocodile.

Vanquished Creatures
  Gastronok (D:8)
  A hydra (Lair:1)
  A two-headed ogre (D:8)
  A flayed ghost (D:8)
  The ghost of tamerofbeasts the Chopper, a novice CeFi of Gozag (D:7)
  2 black mambas
  Maurice (D:8)
  Joseph (D:8)
  3 spiny frogs
  A rime drake (Lair:2)
  A komodo dragon (Lair:1)
  A troll (D:9)
  Prince Ribbit (D:9)
  4 hippogriffs
  A shadow (D:8)
  4 wraiths (D:8)
  12 yaks
  A wyvern (D:9)
  A human (D:8)
  2 hogs (D:8)
  17 fire bats (D:8)
  A hungry ghost (D:7)
  7 water moccasins
  4 porcupines (Lair:2)
  3 ice beasts
  An orc warrior (D:6)
  A sky beast (D:10)
  3 ogres
  A phantom (D:9)
  The ghost of mibe the Grave Robber, an amateur GnNe (D:3)
  2 centaurs
  2 crocodiles (Lair:2)
  4 big kobolds
  9 bullfrogs
  Blork the orc (D:5)
  3 scorpions
  6 killer bees (D:9)
  12 wights
  A howler monkey (D:5)
  3 crimson imps
  3 orc priests
  A gnoll shaman (D:6)
  3 hounds (D:5)
  3 bullfrog skeletons
  2 orc wizards
  An iguana (D:7)
  5 worker ants
  A killer bee zombie (D:9)
  2 hound skeletons
  Robin (D:2)
  A worker ant zombie (D:7)
  11 adders
  7 gnolls
  3 shadow imps
  An ooze (D:5)
  2 adder skeletons
  2 worms
  3 dart slugs
  4 leopard geckos
  23 orcs
  4 giant cockroaches
  12 goblins
  8 hobgoblins
  7 jackals
  2 quokkas
  A ball python (D:1)
  86 bats
  7 frilled lizards
  22 kobolds
  A leopard gecko skeleton (D:7)
  A leopard gecko zombie (D:6)
  A quokka skeleton (D:6)
  2 quokka zombies
  8 rats
  A fungus (D:1)
  3 plants
368 creatures vanquished.

Vanquished Creatures (others)
  A bush (Lair:2)
  7 fungi (Lair:2)
  4 plants (Lair:2)
12 creatures vanquished.

Grand Total: 380 creatures vanquished

Notes
Turn   | Place    | Note
-------+----------+-------------------------------------------
     0 | D:1      | Fang the Gargoyle Berserker began the quest for the Orb.
     0 | D:1      | Reached XP level 1. HP: 14/14 MP: 1/1
   413 | D:1      | Reached XP level 2. HP: 18/19 MP: 2/2
   505 | D:1      | Reached skill level 3 in Axes
   691 | D:1      | Reached XP level 3. HP: 24/24 MP: 3/3
  1050 | D:2      | Reached ** piety under Trog
  1286 | D:2      | Noticed Robin
  1302 | D:2      | Killed Robin
  1302 | D:2      | Reached XP level 4. HP: 29/29 MP: 4/4
  1350 | D:2      | Found a burning altar of Makhleb.
  1567 | D:2      | Found a shattered altar of Ashenzari.
  1943 | D:3      | Reached skill level 4 in Axes
  1945 | D:3      | Reached XP level 5. HP: 13/33 MP: 5/5
  2468 | D:3      | Noticed mibe's ghost (amateur GnNe)
  2475 | D:3      | Killed mibe's ghost
  2702 | D:4      | Reached XP level 6. HP: 27/38 MP: 6/6
  2826 | D:4      | Reached *** piety under Trog
  2911 | D:4      | Found a bloodstained altar of Trog.
  2945 | D:4      | Got a faintly glowing leather armour
  2956 | D:4      | Identified the +2 leather armour of Xorill {Str+7} (You found it on level 4 of the Dungeon)
  2969 | D:4      | Found a deep blue altar of Sif Muna.
  2970 | D:4      | Found a basalt altar of Yredelemnul.
  3037 | D:5      | Entered Level 5 of the Dungeon
  3073 | D:5      | Reached skill level 5 in Axes
  3119 | D:5      | Reached skill level 1 in Stealth
  3123 | D:5      | Reached XP level 7. HP: 20/44 MP: 7/7
  3142 | D:5      | HP: 3/66 [worker ant (2)]
  3381 | D:5      | Reached skill level 5 in Fighting
  3464 | D:5      | Noticed Blork the orc
  3485 | D:5      | Reached skill level 6 in Axes
  3487 | D:5      | Killed Blork the orc
  3496 | D:5      | Reached XP level 8. HP: 11/50 MP: 8/8
  3849 | D:5      | Found a staircase to the Ecumenical Temple.
  3950 | D:5      | Found a shimmering altar of Xom.
  4733 | D:6      | Reached skill level 7 in Axes
  4968 | D:6      | Reached **** piety under Trog
  5013 | D:6      | Reached XP level 9. HP: 55/55 MP: 9/9
  5118 | D:6      | Reached skill level 8 in Axes
  5895 | D:7      | Noticed tamerofbeasts's ghost (novice CeFi)
  5898 | D:7      | Reached skill level 5 in Dodging
  5911 | D:7      | Killed tamerofbeasts's ghost
  6125 | D:7      | Reached skill level 9 in Axes
  6330 | D:7      | Found Paonok's Magic Scroll Boutique.
  6338 | D:7      | Bought a scroll of enchant weapon for 105 gold pieces
  6654 | D:7      | Found a glowing silver altar of Zin.
  6717 | D:7      | Got a brightly glowing whip
  6718 | D:7      | Identified the +11 whip of Accord {freeze, rN+ MR- Str+4} (You found it on level 7 of the Dungeon)
  6841 | D:8      | Noticed Joseph
  6854 | D:8      | Killed Joseph
  6854 | D:8      | Reached XP level 10. HP: 40/63 MP: 10/10
  6880 | D:8      | Reached ***** piety under Trog
  7125 | D:8      | Noticed Gastronok
  7126 | D:8      | Noticed a two-headed ogre
  7144 | D:8      | Killed a two-headed ogre
  7144 | D:8      | Reached skill level 1 in Maces & Flails
  7146 | D:8      | HP: 1/63 [Gastronok (17)]
  7148 | D:8      | Killed Gastronok
  7148 | D:8      | Reached skill level 10 in Axes
  7607 | D:8      | Reached XP level 11. HP: 69/69 MP: 11/11
  7738 | D:8      | Found a runed door.
  7789 | D:8      | Found a snail-covered altar of Cheibriados.
  7872 | D:8      | Found a blossoming altar of Fedhas.
  8088 | D:8      | Reached skill level 5 in Armour
  8360 | D:8      | Found a snail-covered altar of Cheibriados.
  8394 | D:8      | Found a shadowy altar of Dithmenos.
  8427 | D:8      | Noticed Maurice
  8429 | D:8      | Received a gift from Trog
  8435 | D:8      | Killed Maurice
  8451 | D:8      | Reached skill level 5 in Maces & Flails
  8483 | D:8      | Found an iron altar of Okawaru.
  8521 | D:8      | Found a radiant altar of Vehumet.
  9275 | D:8      | Reached skill level 11 in Axes
  9341 | D:8      | Noticed a flayed ghost
  9346 | D:8      | Killed a flayed ghost
  9722 | D:9      | Got a steaming gossamer ring
  9909 | D:9      | Noticed Prince Ribbit
  9921 | D:9      | Killed Prince Ribbit
 10105 | D:9      | Found a staircase to the Lair.
 10317 | D:10     | Entered Level 10 of the Dungeon
 10328 | D:10     | Received a gift from Trog
 10530 | D:10     | Reached XP level 12. HP: 76/76 MP: 4/12
 10604 | Lair:1   | Entered Level 1 of the Lair of Beasts
 10650 | Lair:1   | Identified the ring "Saghidi" {Str+2 Int+2 SInv} (You found it on level 9 of the Dungeon)
 10718 | Lair:1   | Reached skill level 12 in Axes
 11160 | Lair:1   | Noticed a six-headed hydra
 11172 | Lair:1   | Killed a 12-headed hydra
 12499 | Lair:2   | HP: 3/77 [blink frog (11)]
 12502 | Lair:2   | Mangled by a blink frog

Skill      XL: |  1  2  3  4  5  6  7  8  9 10 11 12 |
---------------+-------------------------------------+-----
Axes           | 3 4 5 6 7 9 10 11 12 | 12.7
Dodging        | 2 3 4 5 6 7 8 |  8.1
Fighting       | 4 5 6 7 8 9 |  9.9
Stealth        | 1 2 3 |  3.9
Armour         | 3 4 5 |  5.8
Maces & Flails | 3 5 |  5.1

Action                   |  1- 3 |  4- 6 |  7- 9 | 10-12 || total
-------------------------+-------+-------+-------+-------++-------
Melee: Hand axe          |   124 |   168 |   372 |       ||   664
       Whip              |       |       |    20 |   162 ||   182
       Broad axe         |       |       |       |   316 ||   316
Invok: Berserk           |     1 |     2 |     5 |     9 ||    17
       Burn Spellbooks   |       |       |     2 |       ||     2
  Use: Potion            |       |       |     4 |     1 ||     5
       Scroll            |       |       |    16 |     6 ||    22
 Stab: Sleeping          |       |       |     1 |       ||     1
  Eat: Chunk             |     1 |    10 |    15 |    30 ||    56
       Ration            |       |       |     3 |       ||     3
Armor: Animal skin       |    35 |    54 |       |       ||    89
       Leather armour    |       |    12 |   143 |   249 ||   404
Dodge: Dodged            |    61 |   154 |   259 |   490 ||   964
